Workbook

Sheet A9-PermDiffs
A1: Worksheet A9
A2: Permanent Differences
A3: Black Hills Colorado Electric, LLC
H4: Page 1 of 1
B6: Line | C6: Item (Note B) | D6: Annual Cost | E6: Allocator | F6: Allocation Factor | G6: Allocated Amount
C7: (a) | D7: (b) | E7: (c) | F7: (d) | G7: (e)
B8: 1 | C8: Club Dues | D8: =+'Page 261-RL'!C11 -> 49673 | E8: WS | F8: 0.12706661 | G8: =F8*D8 -> 6311.7798
B9: 2 | C9: Lobbying | D9: =+'Page 261-RL'!C12 -> 73930 | E9: NA | F9: 0 | G9: =F9*D9 -> 0
B10: 3 | C10: Meals | D10: 0 | E10: WS | F10: 0.12706661 | G10: =F10*D10 -> 0
B11: 4 | C11: Entertainment | D11: =+'Page 261-RL'!C13 -> 15534 | E11: WS | F11: 0.12706661 | G11: =F11*D11 -> 1973.8527
B12: 5 | C12: Penalties | D12: =+'Page 261-RL'!C9 -> 343 | E12: NA | F12: 0 | G12: =F12*D12 -> 0
B13: 6 | C13: Pension Equity Plan Life Insurance | D13: =+'Page 261-RL'!C14 -> -34640 | E13: WS | F13: 0.12706661 | G13: =F13*D13 -> -4401.5874
B14: 7 | C14: Equity AFUDC Perm | D14: =+'Page 261-RL'!C16 -> 31682 | E14: GP | F14: 0.21540035 | G14: =F14*D14 -> 6824.314
B15: 8 | C15: Transportation/Parking | E15: WS | F15: 0.12706661 | G15: =F15*D15 -> 0
B16: 9 | C16: Non Deductible Insurance | E16: WS | F16: 0.12706661 | G16: =F16*D16 -> 0
B17: 10 | C17: Non Deductible Compensation | E17: WS | F17: 0.12706661 | G17: =F17*D17 -> 0
B18: … | F18: 0 | G18: =F18*D18 -> 0
B19: 50 | C19: Total | D19: Note A | G19: =SUM(G8:G18) -> 10708.359
B22: Notes
B23: A | C23: To Actual Attachment H, page 3, line 24aa
B24: B | C24: If Black Hills Colorado Electric, LLC includes a new permanent difference and allocator on one of the reserved lines that are data enterable fields, it will provide a description of its justification for inclusion of the permanent difference and choice of allocator at the first opportunity under its protocols whether that is in its posting of its Projected Net Revenue Requirement, its Informational Filing with FERC or its posting of its Annual True-Up as those times are set in the protocols. If a customer acting pursuant to the formal challenge process under the protocols challenges inclusion of a new permanent difference and/or permanent difference allocator or if FERC institutes a FPA 206 in response to Black Hills Colorado Electric, LLC including a new permanent difference and/or permanent difference allocator, Black Hills Colorado Electric, LLC while not required to make a FPA section 205 filing for such change(s), shall bear a FPA Section 205 burden to show that its inclusion of the new permanent difference and choice of allocator results in a just and reasonable allocation of costs to OATT Transmission Service. The foregoing disclosure obligations and retention of burden applies only in the instances described in this note.

Sheet Page 261-RL
B3: M Item Description | C3: Current Year Amount | D3: Deduction | E3: Addback | G3: Filter
B4: BHSC Non-Protected - Fed | C4: =+'CP Report'!B13 -> -10734 | D4: =+'CP Report'!B13 -> -10734 | E4: 0 | G4: E | L4: Deduction | M4: Addback | N4: Total
B5: BHSC Protected - Fed | C5: =+'CP Report'!B14 -> -204098 | D5: =+'CP Report'!B14 -> -204098 | E5: 0 | G5: E | J5: Other Addback | K5: A | L5: =SUM(D9:D13,D41,D48,D50:D52,D61,D43) -> 0 | M5: =SUM(E9:E13,E41,E48,E50:E52,E61,E43) -> 3117609 | N5: =SUM(L5:M5) -> 3117609 | Q5: Addback
B6: AFUDC Debt CWIP | C6: 0 | D6: 0 | E6: 0 | G6: E | J6: Deferred Revenue Addback | K6: B | L6: 0 | M6: 0 | N6: =SUM(L6:M6) -> 0 | Q6: Deduction
B7: AFUDC Equity CWIP | C7: 0 | D7: 0 | E7: 0 | G7: E | J7: Deferred Revenue Addback | K7: C | L7: 0 | M7: 0 | N7: =SUM(L7:M7) -> 0
B8: CIAC CWIP | C8: =+'CP Report'!B19 -> 5716111 | D8: 0 | E8: =+'CP Report'!B19 -> 5716111 | G8: E | J8: Benefits Deduction | K8: D | L8: =SUM(D31:D32,D46,D53) -> -553124 | M8: =SUM(E31:E32,E46,E53) -> 0 | N8: =SUM(L8:M8) -> -553124
B9: P02502 Fines & Penalties | C9: =+'CP Report'!B32 -> 343 | D9: 0 | E9: =+'CP Report'!B32 -> 343 | G9: A | J9: Depreciation Deduction | K9: E | L9: =SUM(D4:D8,D16:D25,D47,D63) -> -29268030 | M9: =SUM(E4:E8,E16:E25,E47,E63) -> 14124263 | N9: =SUM(L9:M9) -> -15143767
B10: P02503 Meals | C10: 0 | D10: 0 | E10: 0 | G10: A | J10: Benefits Addback | K10: F | L10: =SUM(D26:D28,D33:D34) -> 0 | M10: =SUM(E26:E28,E33:E34) -> 448541 | N10: =SUM(L10:M10) -> 448541
B11: P02506 Club Dues | C11: =+'CP Report'!B33 -> 49673 | D11: 0 | E11: =+'CP Report'!B33 -> 49673 | G11: A
B12: P02510 Lobbying | C12: =+'CP Report'!B34 -> 73930 | D12: 0 | E12: =+'CP Report'!B34 -> 73930 | G12: A | J12: Officer Supplemental Life Ins Deduction | K12: L | L12: =SUM(D14) -> -34640 | M12: =SUM(E14) -> 0 | N12: =SUM(L12:M12) -> -34640
B13: P02512 Entertainment | C13: =+'CP Report'!B35 -> 15534 | D13: 0 | E13: =+'CP Report'!B35 -> 15534 | G13: A | J13: Other Deduction | K13: G | L13: =SUM(D42,D49,D60) -> -644307 | M13: =SUM(E42,E49,E60) -> 0 | N13: =SUM(L13:M13) -> -644307
B14: P02704 PEP Life - CSV | C14: =+'CP Report'!B36 -> -34640 | D14: =+'CP Report'!B36 -> -34640 | E14: 0 | G14: L | J14: Winter Storm Uri Addback | K14: H | L14: =SUM(D54) -> 0 | M14: =SUM(E54) -> 7386051 | N14: =SUM(L14:M14) -> 7386051
B15: P02817 Captive Insurance | C15: 0 | D15: 0 | E15: 0 | J15: Goodwill Deduction | K15: I | L15: =SUM(D55) -> -13089237 | M15: =SUM(E55) -> 0 | N15: =SUM(L15:M15) -> -13089237
B16: PT - AFUDC Equity-Flow-Thru - Fed | C16: =+'CP Report'!B40 -> 31682 | D16: 0 | E16: =+'CP Report'!B40 -> 31682 | G16: E | J16: Deferred Reg Liability | K16: J | L16: =SUM(D38:D40) -> -24425538 | M16: =SUM(E38:E40) -> 15822793 | N16: =SUM(L16:M16) -> -8602745
B17: PT - LKE - Federal | C17: =+'CP Report'!B41 -> 3367643 | D17: 0 | E17: =+'CP Report'!B41 -> 3367643 | G17: E | J17: NOL Carryforward | K17: K | L17: =SUM(D62) -> -3335994 | M17: =SUM(E62) -> 0 | N17: =SUM(L17:M17) -> -3335994
B18: PT - Flow-Thru - Fed | C18: 0 | D18: 0 | E18: 0 | G18: E
B19: PT - Non-Protected - Fed | C19: =+'CP Report'!B42 -> -20768716 | D19: =+'CP Report'!B42 -> -20768716 | E19: 0 | G19: E | J19: Total | L19: =SUM(L5:L17) -> -71350870 | M19: =SUM(M5:M17) -> 40899257 | N19: =SUM(N5:N17) -> -30451613
B20: PT - NR - Non-Protected - Fed | C20: =+'CP Report'!B44 -> 111650 | D20: 0 | E20: =+'CP Report'!B44 -> 111650 | G20: E | J20: Check Figure | L20: 0 | M20: 0 | N20: 0
B21: PT - Non-Rate Base - Fed | C21: =+'CP Report'!B43 -> -1557400 | D21: =+'CP Report'!B43 -> -1557400 | E21: 0 | G21: E
B22: PT - Protected - Fed | C22: =+'CP Report'!B45 -> 3635418 | D22: 0 | E22: =+'CP Report'!B45 -> 3635418 | G22: E
B23: AFUDC Debt and CPI - CWIP Reversal - Fed NP | C23: =+'CP Report'!B49 -> 85901 | D23: 0 | E23: =+'CP Report'!B49 -> 85901 | G23: E
B24: AFUDC Equity - CWIP Reversal - Fed FT | C24: 0 | D24: 0 | E24: 0 | G24: E
B25: CIAC - CWIP Reversal - Fed NP | C25: =+'CP Report'!B51 -> -6463408 | D25: =+'CP Report'!B51 -> -6463408 | E25: 0 | G25: E
B26: BENGRP Employee Group Insurance | C26: =+'CP Report'!B55 -> 23449 | D26: 0 | E26: =+'CP Report'!B55 -> 23449 | G26: F
B27: BENPE1 Pension Tracker | C27: 0 | D27: 0 | E27: 0 | G27: F
B28: BENPEN Pension | C28: =+'CP Report'!B56 -> 368706 | D28: 0 | E28: =+'CP Report'!B56 -> 368706 | G28: F
B29: BENPEP Pep Plan LT | C29: 0 | D29: 0 | E29: 0
B30: BENPEPS Pep Plan ST | C30: 0 | D30: 0 | E30: 0
B31: BENPPB Performance Plan Bonus | C31: =+'CP Report'!B57 -> -5644 | D31: =+'CP Report'!B57 -> -5644 | E31: 0 | G31: D
B32: BENRET Retiree Healthcare LT | C32: =+'CP Report'!B58 -> -266083 | D32: =+'CP Report'!B58 -> -266083 | E32: 0 | G32: D
B33: BENRE1 Retiree Healthcare Tracker | C33: 0 | D33: 0 | E33: 0 | G33: F
B34: BENVAC Vacation | C34: =+'CP Report'!B59 -> 56386 | D34: 0 | E34: =+'CP Report'!B59 -> 56386 | G34: F
B35: DEFEEA Reg Energy Efficient Asset | C35: 0 | D35: 0 | E35: 0
B36: DEFOTH Reg Other Asset | C36: 0 | D36: 0 | E36: 0
B37: DEFRAT Deferred Rate Case | C37: 0 | D37: 0 | E37: 0
B38: DREGEX Deferred Reg Items - E | C38: =+'CP Report'!B60 -> -15712279 | D38: =+'CP Report'!B60 -> -15712279 | E38: 0 | G38: J
B39: DREGEXI Deferred Reg Items - I | C39: =+'CP Report'!B61 -> 15822793 | D39: 0 | E39: =+'CP Report'!B61 -> 15822793 | G39: J
B40: DREGEXR Deferred Reg Items - R | C40: =+'CP Report'!B62 -> -8713259 | D40: =+'CP Report'!B62 -> -8713259 | E40: 0 | G40: J
B41: OPRLS1 Operating Lease Asset | C41: =+'CP Report'!B63 -> 172243 | D41: 0 | E41: =+'CP Report'!B63 -> 172243 | G41: A
B42: OPRLS2 Operating Lease Liability | C42: =+'CP Report'!B64 -> -195992 | D42: =+'CP Report'!B64 -> -195992 | E42: 0 | G42: G
B43: OTH143 Aro Fasb 143 Asset | C43: =+'CP Report'!B65 -> 732261 | D43: 0 | E43: =+'CP Report'!B65 -> 732261 | G43: A
B44: OTHAIP Bonus - AIP | C44: 0 | D44: 0 | E44: 0
B45: OTHAR1 Aro Fasb 143 Liability | C45: 0 | D45: 0 | E45: 0
B46: OTHBON Results Compensation/Bonus/Etc | C46: =+'CP Report'!B67 -> -176342 | D46: =+'CP Report'!B67 -> -176342 | E46: 0 | G46: D
B47: OTHLED Line Extension Deposits | C47: =+'CP Report'!B69 -> 1175858 | D47: 0 | E47: =+'CP Report'!B69 -> 1175858 | G47: E
B48: OTHOTH Other | C48: 0 | D48: 0 | E48: 0 | G48: A
B49: OTHPGA Purchase Gas Adjustments | C49: 0 | D49: 0 | E49: 0 | G49: G
B50: OTHPUC PUC Fees | C50: =+'CP Report'!B71 -> 185538 | D50: 0 | E50: =+'CP Report'!B71 -> 185538 | G50: A
B51: OTHRFD Rate Refund | C51: =+'CP Report'!B72 -> 93761 | D51: 0 | E51: =+'CP Report'!B72 -> 93761 | G51: A
B52: OTHPEN Pension - Reg | C52: =+'CP Report'!B70 -> 464762 | D52: 0 | E52: =+'CP Report'!B70 -> 464762 | G52: A
B53: OTHWMC Workmans Compensation | C53: =+'CP Report'!B73 -> -105055 | D53: =+'CP Report'!B73 -> -105055 | E53: 0 | G53: D
B54: PGAURI Winter Storm URI | C54: =+'CP Report'!B74 -> 7386051 | D54: 0 | E54: =+'CP Report'!B74 -> 7386051 | G54: H
B55: PPEGDW Goodwill | C55: =+'CP Report'!B75 -> -13089237 | D55: =+'CP Report'!B75 -> -13089237 | E55: 0 | G55: I
B56: PPEMD2 Deferred Gain Offset | C56: 0 | D56: 0 | E56: 0 | G56: B
B57: PPEMDU Deferred Gain | C57: 0 | D57: 0 | E57: 0 | G57: B
B58: PPENS2 NSC Pension Offset | C58: 0 | D58: 0 | E58: 0 | G58: C
B59: PPENSC Reg Asset Non Service Cost | C59: 0 | D59: 0 | E59: 0 | G59: C
B60: PREPAD Prepaid Expenses | C60: =+'CP Report'!B78 -> -448315 | D60: =+'CP Report'!B78 -> -448315 | E60: 0 | G60: G
B61: RESBDR Bad Debt Reserve | C61: =+'CP Report'!B79 -> 1329564 | D61: 0 | E61: =+'CP Report'!B79 -> 1329564 | G61: A
B62: NOLNOL Net Operating Loss Carryforward | C62: =+'CP Report'!B23 -> -3335994 | D62: =+'CP Report'!B23 -> -3335994 | E62: 0 | G62: K
B63: T01504 Book/Tax Gain Difference | C63: =+'CP Report'!B80 -> -263674 | D63: =+'CP Report'!B80 -> -263674 | E63: 0 | G63: E
B66: Total | C66: =SUM(C4:C63) -> -30451613 | D66: =SUM(D4:D63) -> -71350870 | E66: =SUM(E4:E63) -> 40899257

Sheet CP Report
B1: Current Year | C1: Other | D1: Return to Accrual - PY | E1: UTP | F1: Prior Year Adjustments | G1: ITC & Excess Deferred | H1: State Adjust | I1: Tax Basis Adjust | J1: Total
A2: Federal Consolidating Report by Month - Report #51004A
A4: 2022 Master Case (PS9) - RL
A5: BH Colorado Electric Oper Co
A6: All January Through December Activity
A7: ========================================
A8: Book Income | B8: 30451612 | C8: 0 | D8: 0 | E8: 0 | F8: 0 | G8: 0 | H8: 0 | I8: 0 | J8: 30451612
A9: Tax Items | B9: 0 | C9: 0 | D9: 0 | E9: 0 | F9: 0 | G9: 0 | H9: 0 | I9: 0 | J9: 0
A10: Book Income Before Tax | B10: 30451612 | C10: 0 | D10: 0 | E10: 0 | F10: 0 | G10: 0 | H10: 0 | I10: 0 | J10: 30451612
A11: ========================================
A12: BHSC Allocations
A13: BHSC Non-Protected - Fed | B13: -10734 | C13: 21256 | D13: 14962 | E13: 0 | F13: 0 | G13: 0 | H13: 0 | I13: 0 | J13: 25484
A14: BHSC Protected - Fed | B14: -204098 | C14: 1426136 | D14: -60882 | E14: 0 | F14: 0 | G14: 0 | H14: 0 | I14: 0 | J14: 1161157
A15: Total BHSC Allocations | B15: -214831 | C15: 1447393 | D15: -45920 | E15: 0 | F15: 0 | G15: 0 | H15: 0 | I15: 0 | J15: 1186641
A16: ========================================
A17: CWIP
A18: AFUDC Debt CWIP | B18: 0 | C18: 0 | D18: -228599 | E18: 0 | F18: 0 | G18: 0 | H18: 0 | I18: 0 | J18: -228599
A19: CIAC CWIP | B19: 5716111 | C19: 0 | D19: 0 | E19: 0 | F19: 0 | G19: 0 | H19: 0 | I19: 0 | J19: 5716111
A20: Total CWIP | B20: 5716111 | C20: 0 | D20: -228599 | E20: 0 | F20: 0 | G20: 0 | H20: 0 | I20: 0 | J20: 5487512
A21: ========================================
A22: Deferred NOL
A23: NOLNOL Net Operating Loss Carryforward | B23: -3335994 | C23: 47197538 | D23: -6238216 | E23: 0 | F23: 0 | G23: 0 | H23: 0 | I23: 0 | J23: 37623328
A24: REGNOL Regulatory Net Operating Loss Carryforward | B24: 0 | C24: -78887379 | D24: 0 | E24: 0 | F24: 0 | G24: 0 | H24: 0 | I24: 0 | J24: -78887379
A25: Total Deferred NOL | B25: -3335994 | C25: -31689841 | D25: -6238216 | E25: 0 | F25: 0 | G25: 0 | H25: 0 | I25: 0 | J25: -41264051
A26: ========================================
A27: NO ADJUSTMENTS
A28: NO ADJUSTMENTS | B28: 0 | C28: 0 | D28: 0 | E28: 0 | F28: 0 | G28: 0 | H28: 0 | I28: 0 | J28: 0
A29: Total NO ADJUSTMENTS | B29: 0 | C29: 0 | D29: 0 | E29: 0 | F29: 0 | G29: 0 | H29: 0 | I29: 0 | J29: 0
A30: ========================================
A31: Permanent
A32: P02502 Fines & Penalties | B32: 343 | C32: 0 | D32: 0 | E32: 0 | F32: 0 | G32: 0 | H32: 0 | I32: 0 | J32: 343
A33: P02506 Club Dues | B33: 49673 | C33: 0 | D33: -19548 | E33: 0 | F33: 0 | G33: 0 | H33: 0 | I33: 0 | J33: 30125
A34: P02510 Lobbying | B34: 73930 | C34: 0 | D34: 0 | E34: 0 | F34: 0 | G34: 0 | H34: 0 | I34: 0 | J34: 73930
A35: P02512 Entertainment | B35: 15534 | C35: 0 | D35: -1337 | E35: 0 | F35: 0 | G35: 0 | H35: 0 | I35: 0 | J35: 14198
A36: P02704 PEP Life - CSV | B36: -34640 | C36: 0 | D36: 0 | E36: 0 | F36: 0 | G36: 0 | H36: 0 | I36: 0 | J36: -34640
A37: Total Permanent | B37: 104840 | C37: 0 | D37: -20884 | E37: 0 | F37: 0 | G37: 0 | H37: 0 | I37: 0 | J37: 83956
A38: ========================================
A39: PowerTax
A40: PT - AFUDC Equity-Flow-Thru - Fed | B40: 31682 | C40: 0 | D40: 58 | E40: 0 | F40: 0 | G40: 0 | H40: 0 | I40: 0 | J40: 31740
A41: PT - LKE - Federal | B41: 3367643 | C41: -101034792 | D41: 6510 | E41: 0 | F41: 0 | G41: 0 | H41: 0 | I41: 0 | J41: -97660638
A42: PT - Non-Protected - Fed | B42: -20768716 | C42: 0 | D42: 5474638 | E42: 0 | F42: 0 | G42: 0 | H42: 0 | I42: 0 | J42: -15294078
A43: PT - Non-Rate Base - Fed | B43: -1557400 | C43: 0 | D43: -2609 | E43: 0 | F43: 0 | G43: 0 | H43: 0 | I43: 0 | J43: -1560009
A44: PT - NR - Non-Protected - Fed | B44: 111650 | C44: 0 | D44: -67 | E44: 0 | F44: 0 | G44: 0 | H44: 0 | I44: 0 | J44: 111584
A45: PT - Protected - Fed | B45: 3635418 | C45: 0 | D45: 360768 | E45: 0 | F45: 0 | G45: 0 | H45: 0 | I45: 0 | J45: 3996185
A46: Total PowerTax | B46: -15179723 | C46: -101034792 | D46: 5839298 | E46: 0 | F46: 0 | G46: 0 | H46: 0 | I46: 0 | J46: -110375218
A47: ========================================
A48: PT - CWIP Reversal
A49: AFUDC Debt and CPI - CWIP Reversal - Fed NP | B49: 85901 | C49: 0 | D49: 26463 | E49: 0 | F49: 0 | G49: 0 | H49: 0 | I49: 0 | J49: 112365
A50: AFUDC Equity - CWIP Reversal - Fed FT | B50: 0 | C50: 0 | D50: 488 | E50: 0 | F50: 0 | G50: 0 | H50: 0 | I50: 0 | J50: 488
A51: CIAC - CWIP Reversal - Fed NP | B51: -6463408 | C51: 0 | D51: -541031 | E51: 0 | F51: 0 | G51: 0 | H51: 0 | I51: 0 | J51: -7004439
A52: Total PT - CWIP Reversal | B52: -6377507 | C52: 0 | D52: -514080 | E52: 0 | F52: 0 | G52: 0 | H52: 0 | I52: 0 | J52: -6891587
A53: ========================================
A54: Temporary
A55: BENGRP Employee Group Insurance | B55: 23449 | C55: 0 | D55: 0 | E55: 0 | F55: 0 | G55: 0 | H55: 0 | I55: 0 | J55: 23450
A56: BENPEN Pension | B56: 368706 | C56: 0 | D56: 0 | E56: 0 | F56: 0 | G56: 0 | H56: 0 | I56: 0 | J56: 368706
A57: BENPPB Performance Plan Bonus | B57: -5644 | C57: 0 | D57: 1 | E57: 0 | F57: 0 | G57: 0 | H57: 0 | I57: 0 | J57: -5643
A58: BENRET Retiree Healthcare LT | B58: -266083 | C58: 0 | D58: -3080 | E58: 0 | F58: 0 | G58: 0 | H58: 0 | I58: 0 | J58: -269163
A59: BENVAC Vacation | B59: 56386 | C59: 0 | D59: 0 | E59: 0 | F59: 0 | G59: 0 | H59: 0 | I59: 0 | J59: 56386
A60: DREGEX Deferred Reg Items - E | B60: -15712279 | C60: 0 | D60: 1 | E60: 0 | F60: 0 | G60: 0 | H60: 0 | I60: 0 | J60: -15712278
A61: DREGEXI Deferred Reg Items - I | B61: 15822793 | C61: 0 | D61: -7539644 | E61: 0 | F61: 0 | G61: 0 | H61: 0 | I61: 0 | J61: 8283150
A62: DREGEXR Deferred Reg Items - R | B62: -8713259 | C62: 0 | D62: 7751997 | E62: 0 | F62: 0 | G62: 0 | H62: 0 | I62: 0 | J62: -961262
A63: OPRLS1 Operating Lease Asset | B63: 172243 | C63: 0 | D63: 0 | E63: 0 | F63: 0 | G63: 0 | H63: 0 | I63: 0 | J63: 172243
A64: OPRLS2 Operating Lease Liability | B64: -195992 | C64: 0 | D64: 0 | E64: 0 | F64: 0 | G64: 0 | H64: 0 | I64: 0 | J64: -195992
A65: OTH143 Aro Fasb 143 Asset | B65: 732261 | C65: 0 | D65: -384476 | E65: 0 | F65: 0 | G65: 0 | H65: 0 | I65: 0 | J65: 347785
A66: OTHAR1 Aro Fasb 143 Liability | B66: 0 | C66: 0 | D66: 106088 | E66: 0 | F66: 0 | G66: 0 | H66: 0 | I66: 0 | J66: 106088
... A81: Total Temporary | B81: -11164508 | C81: 0 | D81: 1208402 | E81: 0 | F81: 0 | G81: 0 | H81: 0 | I81: 0 | J81: -9956106
A82: ========================================
A83: Taxable Income Before State Tax | B83: 0 | C83: -131277241 | D83: 0 | E83: 0 | F83: 0 | G83: 0 | H83: 0 | I83: 0 | J83: -131277241
A84: State and Local Current Tax | B84: 0 | C84: -4280813 | D84: 0 | E84: 0 | F84: 0 | G84: 0 | H84: 0 | I84: 0 | J84: -4280813
A85: Federal Taxable Income | B85: 0 | C85: -126996427 | D85: 0 | E85: 0 | F85: 0 | G85: 0 | H85: 0 | I85: 0 | J85: -126996427
A86: Statutory Tax Rate | B86: 0.21 | C86: 0.21 | D86: 0.21 | E86: 0.21 | F86: 0.21 | G86: 0.21 | H86: 0.21 | I86: 0.21 | J86: 0.21
A87: Calculated Tax | B87: 0 | C87: -26669250 | D87: 0 | E87: 0 | F87: 0 | G87: 0 | H87: 0 | I87: 0 | J87: -26669250
A88: Current Period True-Up | B88: 0 | C88: 0 | D88: 0 | E88: 0 | F88: 0 | G88: 0 | H88: 0 | I88: 0 | J88: 0
A89: Current Federal Tax Before Credits | B89: 0 | C89: -26669250 | D89: 0 | E89: 0 | F89: 0 | G89: 0 | H89: 0 | I89: 0 | J89: -26669250
A90: Credits and Adjustments | B90: 0 | C90: -158090 | D90: 0 | E90: 0 | F90: 0 | G90: 0 | H90: 0 | I90: 0 | J90: -158090
A91: Current Federal Tax | B91: 0 | C91: -26511160 | D91: 0 | E91: 0 | F91: 0 | G91: 0 | H91: 0 | I91: 0 | J91: -26511160
A92: Other Items Impacting Current Tax | B92: 0 | C92: 0 | D92: 0 | E92: 0 | F92: 0 | G92: 0 | H92: 0 | I92: 0 | J92: 0
A93: Total Current Tax With Other Adjustments | B93: 0 | C93: -26511160 | D93: 0 | E93: 0 | F93: 0 | G93: 0 | H93: 0 | I93: 0 | J93: -26511160
